cohdb
Replays
Latest Replays
All Replays
Popular Replays
Top Player Replays
Match Explorer
How It Works
Community
CoH3 Stats
Reddit
Sign in to upload your games and track your stats! →
Sign in with Steam
Match 34401404
Unlisted
Match 34401404
Overview
Messages
Build Orders
End
Construct Infanterie Kompanie
MG 42 Machine Gun Team
MG 42 Machine Gun Team
Selects Mechanized Battlegroup
Grenadier Squad
Construct Panzergrenadier Kompanie
Pioneer Squad
251 Medium Carrier
Medical Bunker
Panzergrenadier Squad
MG 42 Bunker
Support Elements
Pak 40 Anti-tank Gun Team
Selects Raid Package
Nebelwerfer 42 Rocket Launcher Team
Nebelwerfer 42 Rocket Launcher Team
MG 42 Bunker
Construct Panzer Kompanie
Selects StuG Assault Group
Selects UNKNOWN (2160084)
Selects Spotting Scopes
Panther Heavy Tank
Selects Wespe Self-propelled Artillery
Panther Heavy Tank
Empire
Darkness
Redwarx
..................
JollyRedRockett
北城以北陌路人
Wisski
Billy
0
0
Comments
sign in to comment!
No comments posted yet!